 Dungeon Crawl Stone Soup version 0.21.0-3-g78d12a8 (webtiles) character file.

583 grindst0ne the Skirmisher (level 7, -1/58 HPs)
             Began as a Demonspawn Chaos Knight on Jan 12, 2018.
             Killed by divine providence
             ... invoked by an orc priest
              (16 damage)
             ... on level 4 of the Dungeon.
             The game lasted 00:03:59 (2706 turns).

grindst0ne the Skirmisher (Demonspawn Chaos Knight) Turns: 2706, Time: 00:04:00

Health: -1/58      AC: 14    Str: 12    XL:     7   Next: 14%
Magic:  7/7        EV:  5    Int: 14    God:    Xom [..*...]
Gold:   112        SH:  0    Dex: 10    Spells: 6/6 levels left

rFire    . . .     SeeInvis .   d - +1 hand axe (freeze)
rCold    + . .     Gourm    .   (no shield)
rNeg     . . .     Faith    .   e - +0 chain mail
rPois    .         Spirit   .   (helmet restricted)
rElec    .         Reflect  .   (no cloak)
rCorr    .         Harm     .   k - +0 pair of gloves (curse)
MR       +....                  (no boots)
Stlth    ..........             (no amulet)
HPRegen  0.19/turn              o - +3 ring of protection
MPRegen  0.10/turn              u - ring of protection from magic

@: very slightly contaminated
A: claws 1, horns 1, molten scales 1, blurry vision 1, clumsy 1, cold resistance
1, weak 1, freezing cloud immunity
a: Renounce Religion


You were on level 4 of the Dungeon.
You worshipped Xom.
You were a toy of Xom.
You were not hungry.

You visited 1 branch of the dungeon, and saw 4 of its levels.

You collected 112 gold pieces.

Inventory:

Hand Weapons
 a - a +0 hand axe of chaos
 d - a +1 hand axe of freezing (weapon)
Armour
 b - a +2 leather armour
 e - a +0 chain mail (worn)
 k - a cursed +0 pair of gloves (worn)
Jewellery
 o - a +3 ring of protection (left hand)
 u - a ring of protection from magic (right hand)
Scrolls
 h - a scroll of magic mapping
 p - 2 scrolls of teleportation
 q - a scroll of immolation {unknown}
 v - a scroll of identify {unknown}
Potions
 f - 3 potions of brilliance
 g - a potion of magic {unknown}
 i - a potion of might {unknown}
 l - a potion of flight {unknown}
 m - a potion of degeneration {unknown}
 n - a potion of mutation {unknown}
 r - a potion of heal wounds {unknown}
 t - a potion of haste
Comestibles
 c - 8 rations
 j - a chunk of flesh


   Skills:
 + Level 6.2 Fighting
 + Level 5.6 Axes
 - Level 1.7 Armour
 - Level 0.8 Dodging


You had 6 spell levels left.
You didn't know any spells.

Dungeon Overview and Level Annotations

Branches:
Dungeon (4/15)
 Temple: D:4-7

Altars:
Yredelemnul


Innate Abilities, Weirdness & Mutations

You have sharp fingernails.
You are partially covered in molten scales. (AC +2)
Your flesh is cold resistant. (rC+)
You are immune to freezing clouds.
You have a pair of small horns on your head.
Scrolls take you a little longer to read.
You are clumsy. (Dex -2)
You are weak. (Str -2)


Message History

The orc hits you but does no damage.
You slash the orc! You freeze the orc.
You kill the orc!
The orc priest blocks your attack.
The orc priest invokes the aid of Beogh against you.
Beogh smites you!
* * * LOW HITPOINT WARNING * * *
The orc priest hits you but does no damage.
You hit the orc priest. You freeze the orc priest.
The orc priest is heavily wounded.
The orc priest miscasts a cantrip.
You closely miss the orc priest.
The orc priest is heavily wounded.
The orc priest hits you with a short sword.
* * * LOW HITPOINT WARNING * * *
You hit the orc priest. You freeze the orc priest.
The orc priest is severely wounded.
The orc priest mumbles some strange prayers to Beogh against you.
Beogh smites you!
You die...

###### ##* #....#
#.#########....#####**********
##*#.....##$.##..##...#..#,,*,,*,
...#............@.'.....#,,,,,,,,
.......รท.....##.o##/....+,,,,,,,,
........)....######.....#*,,,,,,,
........)##..#*,<*#.....#*,,,,**,
...##...<##..#*,,,......#*,,,,**,
..,*#....##..#****#..%....,,,,,,,
),,#.....#...#*,,*#.....##.,,,,,,
,,,#....<##..#*,,*#.....#*,,,,**,
,,,#.....#*..#*,,,,,,,,,********,


You could see an orc priest.

Vanquished Creatures
  The ghost of appiemonkey the Insei, a novice GnTm (D:4)
  Sigmund (D:4)
  An orc wizard (D:3)
  A worker ant (D:3)
  2 adders
  A dart slug (D:3)
  3 leopard geckos
  9 orcs
  2 ball pythons (D:1)
  2 giant cockroaches
  2 goblins (D:1)
  8 hobgoblins
  8 jackals
  A quokka (D:2)
  5 bats
  4 frilled lizards (D:1)
  7 kobolds
  5 rats (D:1)
63 creatures vanquished.

Vanquished Creatures (collateral kills)
  An adder (D:3)
  A kobold (D:3)
2 creatures vanquished.

Grand Total: 65 creatures vanquished

Notes
Turn   | Place    | Note
-------+----------+-------------------------------------------
     0 | D:1      | grindst0ne the Demonspawn Chaos Knight began the quest for the Orb.
     0 | D:1      | Reached XP level 1. HP: 18/18 MP: 1/1
    14 | D:1      | XOM: potion effect (curing)
    21 | D:1      | XOM: potion effect (curing)
    29 | D:1      | Gained mutation: Your flesh is cold resistant. (rC+) [demonic ancestry]
    29 | D:1      | Reached XP level 2. HP: 24/24 MP: 2/2
   391 | D:1      | XOM: smoke on damage
   410 | D:1      | XOM: divination: detect items
   480 | D:1      | Gained mutation: You are immune to freezing clouds. [demonic ancestry]
   480 | D:1      | Reached XP level 3. HP: 30/30 MP: 3/3
   734 | D:2      | Found a basalt altar of Yredelemnul.
   820 | D:2      | XOM: harmless Pois miscast
  1231 | D:2      | XOM: silly message
  1569 | D:3      | XOM: cast spell 'Summon Horrible Things'
  1573 | D:3      | Reached skill level 4 in Fighting
  1580 | D:3      | Found a faded altar of an unknown god.
  1608 | D:3      | XOM: give mutations
  1608 | D:3      | Gained mutation: You are weak. (Str -2) [Xom's mischief]
  1608 | D:3      | Gained mutation: You are frail. (-10% HP) [Xom's mischief]
  1756 | D:3      | Reached XP level 4. HP: 32/33 MP: 4/4
  2142 | D:3      | XOM: give mutations
  2142 | D:3      | Gained mutation: You are clumsy. (Dex -2) [Xom's mischief]
  2142 | D:3      | Lost mutation: You are frail. (-10% HP) [Xom's mischief]
  2142 | D:3      | Gained mutation: Scrolls take you a little longer to read. [Xom's mischief]
  2142 | D:3      | Lost mutation: You are weak. (Str -2) [Xom's mischief]
  2144 | D:3      | XOM: give mutations
  2144 | D:3      | Gained mutation: You are weak. (Str -2) [Xom's mischief]
  2144 | D:3      | Gained mutation: You have a pair of small horns on your head. [Xom's mischief]
  2382 | D:4      | Noticed Sigmund
  2382 | D:4      | XOM: mild Hex miscast
  2392 | D:3      | Gained mutation: You have sharp fingernails. [demonic ancestry]
  2392 | D:3      | Reached XP level 5. HP: 25/43 MP: 5/5
  2550 | D:4      | Noticed appiemonkey's ghost (novice GnTm)
  2553 | D:4      | XOM: potion effect (invisibility)
  2559 | D:4      | XOM: harmless Tmut miscast
  2561 | D:4      | Killed Sigmund
  2561 | D:4      | Reached skill level 5 in Fighting
  2561 | D:4      | Gained mutation: You are partially covered in molten scales. (AC +2) [demonic ancestry]
  2561 | D:4      | Reached XP level 6. HP: 42/51 MP: 6/6
  2574 | D:4      | XOM: potion effect (brilliance)
  2591 | D:4      | Killed appiemonkey's ghost
  2591 | D:4      | Reached skill level 6 in Fighting
  2591 | D:4      | Reached skill level 5 in Axes
  2591 | D:4      | Reached XP level 7. HP: 7/58 MP: 7/7
  2700 | D:4      | XOM: divination: magic mapping
  2706 | D:4      | Killed from afar by an orc priest

Skill      XL: |  1  2  3  4  5  6 |
---------------+-------------------+-----
Axes           | 3 4 5 |  5.6
Fighting       | 4 5 6 |  6.2
Armour         | |  1.7
Dodging        | |  0.8

Action                   |  1- 3 |  4- 6 |  7- 9 || total
-------------------------+-------+-------+-------++-------
Melee: Hand axe          |   143 |    86 |     6 ||   235
       Headbutt          |       |     5 |     1 ||     6
  Use: Potion            |       |     3 |       ||     3
       Scroll            |       |       |     2 ||     2
 Stab: Paralysed         |     1 |       |       ||     1
       Sleeping          |     1 |       |       ||     1
       Invisible         |       |     7 |       ||     7
  Eat: Chunk             |     3 |     1 |     2 ||     6
Armor: Leather armour    |    60 |    30 |       ||    90
       Chain mail        |       |       |     3 ||     3
Dodge: Dodged            |   105 |    53 |       ||   158
